PCL
VANCOUVER VIPERS @ MILE HIGH BRONCOS
04/24/2024
 
TOP OF THE 1ST
Vancouver Vipers batting - Pitching for Mile High Broncos : LHP John Wilkins
Pitching: LHP John Wilkins
Batting: RHB Guillermo Sánchez 0-0: Ball
1-0: Called Strike
1-1: Foul Ball, location: 2F
1-2: Strikes out swinging
Batting: SHB Kyle MacGregor 0-0: Called Strike
0-1: Swinging Strike
0-2: Strikes out looking
Batting: RHB Howard Lane 0-0: Ball
1-0: Ball
2-0: Ball
3-0: Called Strike
3-1: Called Strike
3-2: Fly out, F9 (Flyball, 9S)
Top of the 1st over - 0 run(s), 0 hit(s), 0 error(s), 0 left on base; Vancouver 0 - Mile High 0
BOTTOM OF THE 1ST
Mile High Broncos batting - Pitching for Vancouver Vipers : RHP Kazuo Mochizuki
Pitching: RHP Kazuo Mochizuki
Batting: RHB Juan Gonzáles 0-0: Ball
1-0: Ball
2-0: Fly out, F9 (Flyball, 9M)
Batting: RHB Juan Jose Guevana 0-0: Foul Ball, location: 2F
0-1: Foul Ball, location: 2F
0-2: Ball
1-2: Fly out, F9 (Flyball, 9M)
Batting: RHB José Herrera 0-0: Ball
1-0: Foul Ball, location: 2F
1-1: Fly out, F8 (Flyball, 78D)
Bottom of the 1st over - 0 run(s), 0 hit(s), 0 error(s), 0 left on base; Vancouver 0 - Mile High 0
TOP OF THE 2ND
Vancouver Vipers batting - Pitching for Mile High Broncos : LHP John Wilkins
Batting: RHB Pedro Fuentes 0-0: Ball
1-0: Swinging Strike
1-1: Swinging Strike
1-2: Ball
2-2: SINGLE (Groundball, 56)
Batting: RHB Sergio Pujols 0-0: Ball
1-0: Ball
2-0: Called Strike
2-1: SINGLE (Groundball, 6MD)
Pedro Fuentes to second
Batting: LHB Javier Matos 0-0: Ball
Wild Pitch!
Pedro Fuentes to third
Sergio Pujols to second
1-0: Called Strike
1-1: Ball
2-1: Swinging Strike
2-2: Strikes out swinging
Batting: RHB Lorenzo González 0-0: Called Strike
0-1: Ball
1-1: TRIPLE (Line Drive, 7LS)
Pedro Fuentes scores
Sergio Pujols scores
Batting: RHB Daniel Robert 0-0: Ground out 4-3 (Groundball, 4M)
Lorenzo González scores
Batting: LHB Mike Williams 0-0: Called Strike
0-1: Ball
1-1: Fly out, F7 (Flyball, 7LM)
Top of the 2nd over - 3 run(s), 3 hit(s), 0 error(s), 0 left on base; Vancouver 3 - Mile High 0
BOTTOM OF THE 2ND
Mile High Broncos batting - Pitching for Vancouver Vipers : RHP Kazuo Mochizuki
Batting: RHB Vincente Ventura 0-0: Ball
1-0: Ball
2-0: Foul Ball, location: 2F
2-1: Called Strike
2-2: Fly out, F9 (Flyball, 9M)
Batting: RHB Su-kweon Yu 0-0: Fly out, F8 (Flyball, 8RS)
Batting: RHB Michael MacDonald 0-0: Ball
1-0: Ball
2-0: Ball
3-0: Called Strike
3-1: Base on Balls
Batting: RHB Marcos Reyes 0-0: Foul Ball, location: 2F
0-1: Ball
1-1: Fielders Choice at 2nd, 5-4 (Groundball, 5D)
Bottom of the 2nd over - 0 run(s), 0 hit(s), 0 error(s), 0 left on base; Vancouver 3 - Mile High 0
TOP OF THE 3RD
Vancouver Vipers batting - Pitching for Mile High Broncos : LHP John Wilkins
Batting: RHB Guillermo Sánchez 0-0: Ball
1-0: Ground out 6-3 (Groundball, 6)
Batting: SHB Kyle MacGregor 0-0: Foul Ball, location: 2F
0-1: Foul Ball, location: 2F
0-2: Ball
1-2: Ball
2-2: Fly out, F4 (Popup, 34D)
Batting: RHB Howard Lane 0-0: Ball
1-0: Called Strike
1-1: Swinging Strike
1-2: Fly out, F8 (Flyball, 8RM)
Top of the 3rd over - 0 run(s), 0 hit(s), 0 error(s), 0 left on base; Vancouver 3 - Mile High 0
BOTTOM OF THE 3RD
Mile High Broncos batting - Pitching for Vancouver Vipers : RHP Kazuo Mochizuki
Batting: RHB José Rodríguez 0-0: Called Strike
0-1: Ball
1-1: Ball
2-1: Ground out 6-3 (Groundball, 6M)
Batting: RHB Mançio Delmage 0-0: Ball
1-0: Called Strike
1-1: Swinging Strike
1-2: Foul Ball, location: 2F
1-2: Ball
2-2: Foul Ball, location: 2F
2-2: Ball
3-2: Fly out, F8 (Flyball, 8LD)
Batting: RHB Juan Gonzáles 0-0: Called Strike
0-1: Foul Ball, location: 2F
0-2: Ball
1-2: Ball
2-2: Ball
3-2: DOUBLE (Line Drive, 9LS)
Batting: RHB Juan Jose Guevana 0-0: Foul Ball, location: 2F
0-1: Ball
1-1: Called Strike
1-2: SINGLE (Groundball, 4M)
Juan Gonzáles to third
Runner from 3rd tries for Home, SAFE, no throw or cutoff
Batting: RHB José Herrera 0-0: Ball
1-0: Called Strike
1-1: Foul Ball, location: 2F
1-2: Ball
2-2: Foul Ball, location: 2F
2-2: Ball
3-2: Fly out, F2 (Popup, 2LF)
Bottom of the 3rd over - 1 run(s), 2 hit(s), 0 error(s), 1 left on base; Vancouver 3 - Mile High 1
TOP OF THE 4TH
Vancouver Vipers batting - Pitching for Mile High Broncos : LHP John Wilkins
Batting: RHB Pedro Fuentes 0-0: Ball
1-0: Ball
2-0: Ball
3-0: Called Strike
3-1: Fly out, F9 (Flyball, 89D)
Batting: RHB Sergio Pujols 0-0: Called Strike
0-1: Fly out, F8 (Line Drive, 8RM)
Batting: LHB Javier Matos 0-0: Called Strike
0-1: SINGLE (Flyball, 8RS)
Batting: RHB Lorenzo González 0-0: Ball
1-0: Fly out, F8 (Flyball, 8LXD)
Top of the 4th over - 0 run(s), 1 hit(s), 0 error(s), 1 left on base; Vancouver 3 - Mile High 1
BOTTOM OF THE 4TH
Mile High Broncos batting - Pitching for Vancouver Vipers : RHP Kazuo Mochizuki
Batting: RHB Vincente Ventura 0-0: Foul Ball, location: 2F
0-1: Fly out, F3 (Popup, 3SF)
Batting: RHB Su-kweon Yu 0-0: Foul Ball, location: 2F
0-1: Ball
1-1: Ball
2-1: Foul Ball, location: 2F
2-2: Ground out 6-3 (Groundball, 6)
Batting: RHB Michael MacDonald 0-0: Fly out, F8 (Flyball, 8RM)
Bottom of the 4th over - 0 run(s), 0 hit(s), 0 error(s), 0 left on base; Vancouver 3 - Mile High 1
TOP OF THE 5TH
Vancouver Vipers batting - Pitching for Mile High Broncos : LHP John Wilkins
Batting: RHB Daniel Robert 0-0: Foul Ball, location: 2F
0-1: Ball
1-1: SINGLE (Flyball, 89S)
Batting: LHB Mike Williams 0-0: Called Strike
0-1: Called Strike
0-2: Ball
1-2: Ball
2-2: Ball
3-2: Foul Ball, location: 2F
3-2: Strikes out swinging
Batting: RHB Guillermo Sánchez 0-0: Ball
1-0: Ball
2-0: Ball
3-0: Called Strike
3-1: Foul Ball, location: 2F
3-2: Foul Ball, location: 2F
3-2: SINGLE (Line Drive, 8RS)
Daniel Robert to second
Batting: SHB Kyle MacGregor 0-0: Grounds into double play, U5-3 (Groundball, 5L)
Top of the 5th over - 0 run(s), 2 hit(s), 0 error(s), 1 left on base; Vancouver 3 - Mile High 1
BOTTOM OF THE 5TH
Mile High Broncos batting - Pitching for Vancouver Vipers : RHP Kazuo Mochizuki
Batting: RHB Marcos Reyes 0-0: Ball
1-0: Foul Ball, location: 2F
1-1: Ball
2-1: SINGLE (Groundball, 3D)
Batting: RHB José Rodríguez 0-0: Ball
1-0: Fly out, F9 (Flyball, 9M)
Batting: RHB Mançio Delmage 0-0: Ball
1-0: Ball
2-0: Foul Ball, location: 2F
2-1: Ball
3-1: Foul Ball, location: 2F
3-2: Foul Ball, location: 2F
3-2: 2-RUN HOME RUN (Flyball, 8LXD), Distance : 435 ft
Batting: RHB Juan Gonzáles 0-0: Ball
1-0: Ball
2-0: Ground out U3 (Groundball, 3)
Batting: RHB Juan Jose Guevana 0-0: Foul Ball, location: 2F
0-1: SOLO HOME RUN (Line Drive, 7D), Distance : 377 ft
Batting: RHB José Herrera 0-0: Ball
1-0: Called Strike
1-1: Ball
2-1: Ball
3-1: Foul Ball, location: 2F
3-2: Base on Balls
Batting: RHB Vincente Ventura 0-0: Called Strike
0-1: Ball
1-1: Ground out 1-3 (Groundball, 15S)
Bottom of the 5th over - 3 run(s), 3 hit(s), 0 error(s), 1 left on base; Vancouver 3 - Mile High 4
TOP OF THE 6TH
Vancouver Vipers batting - Pitching for Mile High Broncos : LHP John Wilkins
Batting: RHB Howard Lane 0-0: Ball
1-0: Ball
2-0: Called Strike
2-1: Swinging Strike
2-2: Ball
3-2: Foul Ball, location: 2F
3-2: Strikes out looking
Batting: RHB Pedro Fuentes 0-0: Ball
1-0: Called Strike
1-1: Swinging Strike
1-2: Strikes out swinging
Batting: RHB Sergio Pujols 0-0: Called Strike
0-1: Ground out 1-3 (Groundball, 13S)
Top of the 6th over - 0 run(s), 0 hit(s), 0 error(s), 0 left on base; Vancouver 3 - Mile High 4
BOTTOM OF THE 6TH
Mile High Broncos batting - Pitching for Vancouver Vipers : RHP Kazuo Mochizuki
Pitching: LHP Greg Taylor
Batting: RHB Su-kweon Yu 0-0: Ball
1-0: Ball
2-0: Ball
3-0: Base on Balls
Batting: RHB Michael MacDonald 0-0: Called Strike
0-1: Ball
1-1: SINGLE (Line Drive, 9LS)
Su-kweon Yu to second
Batting: RHB Marcos Reyes 0-0: Ball
1-0: Called Strike
1-1: Ball
2-1: Ball
3-1: Called Strike
3-2: Base on Balls
Su-kweon Yu to third
Michael MacDonald to second
Batting: RHB José Rodríguez 0-0: Ball
1-0: Ball
2-0: Called Strike
2-1: Ball
3-1: Called Strike
3-2: Foul Ball, location: 2F
3-2: Fly out, F9 (Flyball, 89M)
Runner from 3rd tags up, SCORES, throw made
Batting: RHB Mançio Delmage 0-0: Grounds into double play, 6-4-3 (Groundball, 6)
Bottom of the 6th over - 1 run(s), 1 hit(s), 0 error(s), 1 left on base; Vancouver 3 - Mile High 5
TOP OF THE 7TH
Vancouver Vipers batting - Pitching for Mile High Broncos : LHP John Wilkins
Pitching: RHP Todd Howell
Batting: LHB Javier Matos 0-0: Fly out, F7 (Flyball, 78M)
Batting: RHB Lorenzo González 0-0: Called Strike
0-1: Ball
1-1: Foul Ball, location: 2F
1-2: Strikes out swinging
Batting: RHB Daniel Robert 0-0: Called Strike
0-1: Ground out 5-3 (Groundball, 5L)
Top of the 7th over - 0 run(s), 0 hit(s), 0 error(s), 0 left on base; Vancouver 3 - Mile High 5
BOTTOM OF THE 7TH
Mile High Broncos batting - Pitching for Vancouver Vipers : LHP Greg Taylor
Batting: RHB Juan Gonzáles 0-0: Foul Ball, location: 2F
0-1: Ball
1-1: Foul Ball, location: 2F
1-2: Ball
2-2: Foul Ball, location: 2F
2-2: Ball
3-2: Ground out 6-3 (Groundball, 6)
Batting: RHB Juan Jose Guevana 0-0: Ball
1-0: Ball
2-0: Foul Ball, location: 2F
2-1: Called Strike
2-2: Ball
3-2: Foul Ball, location: 2F
3-2: Ground out 6-3 (Groundball, 6)
Batting: RHB José Herrera 0-0: Foul Ball, location: 2F
0-1: Ground out 6-3 (Groundball, 6)
Bottom of the 7th over - 0 run(s), 0 hit(s), 0 error(s), 0 left on base; Vancouver 3 - Mile High 5
TOP OF THE 8TH
Vancouver Vipers batting - Pitching for Mile High Broncos : RHP Todd Howell
Batting: LHB Mike Williams 0-0: Foul Ball, location: 2F
0-1: Ball
1-1: SINGLE (Flyball, 78S)
Pitching: RHP Tony Marrero
Batting: RHB Guillermo Sánchez 0-0: Called Strike
0-1: Ball
1-1: Swinging Strike
1-2: Strikes out swinging
Batting: SHB Kyle MacGregor 0-0: Swinging Strike
0-1: Swinging Strike
0-2: Ball
1-2: Strikes out swinging
Batting: RHB Howard Lane 0-0: Ball
1-0: Called Strike
1-1: Called Strike
1-2: Ground out 3-1 (Groundball, 34S)
Top of the 8th over - 0 run(s), 1 hit(s), 0 error(s), 1 left on base; Vancouver 3 - Mile High 5
BOTTOM OF THE 8TH
Mile High Broncos batting - Pitching for Vancouver Vipers : LHP Greg Taylor
Pitching: RHP Álex Villegas
Batting: RHB Vincente Ventura 0-0: SINGLE (Line Drive, 78M)
Batting: RHB Su-kweon Yu 0-0: Swinging Strike
0-1: Called Strike
0-2: Strikes out swinging
Batting: RHB Michael MacDonald 0-0: SINGLE (Groundball, 56D)
Vincente Ventura to second
Pinch Hitting: LHB Bill Houston 0-0: Foul Ball, location: 2F
0-1: Ball
1-1: Ball
2-1: Fielders Choice at 2nd, 5-4 (Groundball, 5D)
Vincente Ventura to third
Batting: RHB José Rodríguez 0-0: Called Strike
0-1: Called Strike
0-2: Strikes out looking
Bottom of the 8th over - 0 run(s), 2 hit(s), 0 error(s), 2 left on base; Vancouver 3 - Mile High 5
TOP OF THE 9TH
Vancouver Vipers batting - Pitching for Mile High Broncos : RHP Tony Marrero
Pitching: LHP Jorge García
Now in RF: Bill Houston
Batting: RHB Pedro Fuentes 0-0: Called Strike
0-1: Swinging Strike
0-2: Ground out 5-3 (Groundball, 5L)
Batting: RHB Sergio Pujols 0-0: Called Strike
0-1: SINGLE (Line Drive, 4MD)
Pinch Hitting: SHB Henry Copeland 0-0: Ball
1-0: Fly out, F9 (Flyball, 9D)
Batting: RHB Lorenzo González 0-0: Ball
1-0: Swinging Strike
1-1: Ball
2-1: Called Strike
2-2: SINGLE (Groundball, 13) (infield hit)
Sergio Pujols to second
Batting: RHB Daniel Robert 0-0: SINGLE (Flyball, 7S)
Sergio Pujols to third
Lorenzo González to second
Runner from 3rd tries for Home, SAFE, no throw or cutoff
Pinch Hitting: RHB Marvin Workman 0-0: Foul Ball, location: 2F
0-1: Swinging Strike
0-2: Fly out, F4 (Popup, 4D)
Top of the 9th over - 1 run(s), 3 hit(s), 0 error(s), 2 left on base; Vancouver 4 - Mile High 5
This league is powered by Out of the Park Baseball, the baseball management simulation game for PC, Mac and Linux
Saturday, April 9th, 2016 - OOTP Baseball 16.8 Build 38